 Dungeon Crawl Stone Soup version 0.28.0-53-g5a82cb258f (webtiles) character file.

Game seed: 17472867481652645887

1194 Plasmagod the Thaumaturge (level 8, -2/42 HPs)
             Began as a Deep Elf Conjurer on July 13, 2022.
             Was a Follower of Sif Muna.
             Shot with an arrow by a centaur (13 damage)
             ... on level 5 of the Dungeon.
             The game lasted 00:33:47 (5604 turns).

Plasmagod the Thaumaturge (Deep Elf Conjurer)       Turns: 5604, Time: 00:33:48

Health: -2/42      AC:  3    Str:  4    XL:     8   Next: 20%
Magic:  14/22      EV: 13    Int: 26    God:    Sif Muna [*.....]
Gold:   97         SH:  0    Dex: 13    Spells: 14/24 levels left

rFire   . . .      SeeInvis .   t - staff of earth
rCold   . . .      Faith    .   (no shield)
rNeg    . . .      Spirit   .   a - +0 robe
rPois   .          Reflect  .   (no helmet)
rElec   .          Harm     .   s - +0 cloak
rCorr   +          Rampage  .   (no gloves)
Will    .....                   (no boots)
Stlth   +++.......              (no amulet)
HPRegen 0.14/turn               e - ring of resist corrosion
MPRegen 0.18/turn               (no ring)

@: mighty
A: no striking features
a: Renounce Religion, Channel Magic


You were on level 5 of the Dungeon.
You worshipped Sif Muna.
Sif Muna was aware of your devotion.
You visited 2 branches of the dungeon, and saw 6 of its levels.
You also visited: Sewer.

You collected 97 gold pieces.

Inventory:

Armour
 a - a +0 robe (worn)
 s - a +0 cloak (worn)
Magical Staves
 t - a staff of earth (weapon)
Jewellery
 d - a ring of fire
 e - a ring of resist corrosion (left hand)
Wands
 h - a wand of charming (1)
 j - a wand of iceblast (7)
Scrolls
 b - a scroll of brand weapon
 c - 2 scrolls of identify
 f - a scroll of enchant armour {unknown}
 g - a scroll of holy word {unknown}
 p - a scroll of silence {unknown}
Potions
 i - a potion of curing {unknown}
 k - 2 potions of flight
 l - a potion of brilliance
 m - 2 potions of haste
 n - a potion of mutation {unknown}
 o - a potion of heal wounds {unknown}
 q - a potion of invisibility {unknown}
 r - a potion of might


   Skills:
 + Level 0.9 Fighting
 + Level 3.3 Dodging
 + Level 4.8 Stealth
 + Level 8.5 Spellcasting
 + Level 8.2 Conjurations
 + Level 1.1 Hexes


You had 14 spell levels left.
You knew the following spells:

 Your Spells              Type           Power      Damage    Failure   Level
a - Magic Dart            Conj           100%       1d8       1%          1
b - Searing Ray           Conj           100%       2d8       1%          2
c - Dazzling Flash        Conj/Hex       70%        N/A       2%          3
d - Fulminant Prism       Conj/Hex       17%        3d11      8%          4

Your spell library contained the following spells:

 Spells                   Type           Power      Damage    Failure   Level
 Iskenderun's Mystic Bla  Conj/Tloc      32%        2d8       10%         4


Dungeon Overview and Level Annotations

Branches:
Dungeon (5/15)             Temple (1/1) D:4           Sewer (visited)

Altars:
Fedhas
Kikubaaqudgha
Okawaru
Sif Muna
The Shining One


Message History

Your fulminant prism explodes!
The blast of energy engulfs Dowan!!
Dowan is almost dead.
The blast of energy engulfs Duvessa!
Duvessa is severely wounded.
You hear a bark!
You hear a shout!
Okay, then.
Casting: Fulminant Prism (quite dangerous; 9% risk of failure)
Confirm with . or Enter, or press ? or * to list all spells.
Aiming: Searing Ray (safe; 1% risk of failure)
Press: ? - help, Shift-Dir - straight line, f - Dowan
Aim: Dowan, wielding a +0 dagger and wearing a +0 robe (almost dead, blind, 76% to hit)
The searing ray hits Duvessa!
Duvessa is almost dead.
The searing ray hits Dowan!
You kill Dowan!
Sif Muna accepts your kill.
Duvessa screams, "No!
How DARE you!"
Duvessa goes berserk! (Press . to maintain the ray.) Duvessa hits you with a +0 short sword!
* * * LOW HITPOINT WARNING * * *
Your Hexes skill increases to level 1!
The searing ray hits Duvessa.
You kill Duvessa!
Sif Muna accepts your kill.
You finish channelling your searing ray.
You start resting.
A centaur comes into view.
Things that are here:
a +0 short sword; a +0 leather armour You see here a +0 falchion.
Okay, then.
Okay, then.
It was a potion of might.
You feel very mighty all of a sudden.
The centaur shouts!
The centaur wields a +0 shortbow.
The centaur shoots an arrow.
The arrow hits you!
You die...

#............##...#
#............)....##
.###.............)c...##
.......................#
........######.........#
........# #.........#
........# #.........#
........######......$..#
....###..)...@.........#
#### #................#
#.....:..........#
#..................#
#..................#
#..................#
#..........##########
#...........


You could see a centaur.

Vanquished Creatures
  Grinder (D:3)
  Duvessa (D:5)
  A necrophage (D:4)
  A centaur (D:4)
  3 kobold brigands (Sewer)
  A scorpion (D:5)
  Dowan (D:5)
  A jelly (D:4)
  A howler monkey (D:4)
  A hound (D:5)
  2 orc priests
  Jessica (D:3)
  An iguana (D:4)
  Ijyb (D:3)
  4 adders
  3 worms
  4 dart slugs
  6 orcs
  12 ball pythons
  10 endoplasms
  6 giant cockroaches
  2 goblins
  2 hobgoblins
  18 jackals
  8 quokkas
  7 bats
  4 frilled lizards
  20 kobolds
  11 rats
134 creatures vanquished.

Vanquished Creatures (others)
  9 fulminant prisms
  9 plants (Sewer)
18 creatures vanquished.

Grand Total: 152 creatures vanquished

Notes
Turn   | Place    | Note
-------+----------+-------------------------------------------
     0 | D:1      | Plasmagod the Deep Elf Conjurer began the quest for the
                  | Orb.
     0 | D:1      | Reached XP level 1. HP: 10/10 MP: 6/6
   315 | D:1      | Reached XP level 2. HP: 15/15 MP: 6/8
   593 | D:1      | Reached skill level 5 in Conjurations
  1052 | D:1      | Reached XP level 3. HP: 19/19 MP: 3/9
  1262 | D:2      | Learned a level 2 spell: Searing Ray
  1266 | D:2      | Learned a level 3 spell: Dazzling Flash
  1936 | D:2      | Reached XP level 4. HP: 19/24 MP: 8/12
  2082 | D:2      | Found a faded altar of an unknown god.
  2273 | D:3      | Noticed Jessica
  2279 | D:3      | Killed Jessica
  2442 | D:3      | Noticed Ijyb
  2451 | D:3      | Killed Ijyb
  2452 | D:3      | Reached XP level 5. HP: 22/28 MP: 4/13
  2601 | D:3      | Learned a level 4 spell: Fulminant Prism
  2828 | D:3      | Noticed Grinder
  2846 | D:3      | Paralysed by Grinder for 5 turns
  3159 | D:3      | Killed Grinder
  3160 | D:3      | Reached skill level 5 in Spellcasting
  3160 | D:3      | Reached XP level 6. HP: 19/32 MP: 6/16
  4058 | D:4      | Reached XP level 7. HP: 23/36 MP: 10/18
  4537 | D:4      | Found a staircase to the Ecumenical Temple.
  4601 | Temple   | Entered the Ecumenical Temple
  4624 | Temple   | Became a worshipper of Sif Muna the Loreminder
  4693 | D:5      | Entered Level 5 of the Dungeon
  4746 | D:5      | Found a glowing drain.
  4753 | Sewer    | Entered a sewer
  5159 | Sewer    | Reached * piety under Sif Muna
  5414 | D:5      | Reached XP level 8. HP: 42/42 MP: 17/22
  5539 | D:5      | Noticed Dowan
  5543 | D:5      | Noticed Duvessa
  5562 | D:5      | Killed Dowan
  5563 | D:5      | Reached skill level 1 in Hexes
  5563 | D:5      | Killed Duvessa
  5604 | D:5      | Shot with an arrow by a centaur

Illustrated notes

Levels and vault maps discovered:
D:1:      amcnicky_arrival_feature_with_door, layout_basic
D:2:      layout_rooms, nicolae_ecumenical_snake_handling
D:3:      layout_basic, serial_rivers, chequers_serial_rivers_micro_b,
          chequers_serial_rivers_micro_a, chequers_serial_rivers_room_b,
          chequers_serial_rivers_micro_e, chequers_serial_rivers_large_a,
          minmay_misc_feat_five, minmay_misc_feat_plants, minmay_statues_item,
          uniq_jessica, uniq_ijyb, uniq_grinder
D:4:      layout_basic, minmay_temple_entry_butterflies,
          amcnicky_mini_pool_small
D:5:      layout_basic, grunt_temple_overflow_opulence, gup_sewer_entry_spiral,
          chequers_arboretum, minivault_26, uniq_duvessa
Temple:   jpeg_temple_clearing

Skill      XL: |  1  2  3  4  5  6  7  8 |
---------------+-------------------------+-----
Conjurations   | 5 6 7 8 |  8.2
Spellcasting   | 4 5 6 8 |  8.5
Stealth        | 3 4 |  4.8
Dodging        | 3 |  3.3
Hexes          | 1 |  1.1
Fighting       | |  0.9

Action                   |  1- 3 |  4- 6 |  7- 9 || total
-------------------------+-------+-------+-------++-------
Melee: Unarmed           |     5 |       |       ||     5
 Cast: Magic Dart        |    82 |    76 |    56 ||   214
       Searing Ray       |     2 |     7 |     9 ||    18
       Fulminant Prism   |       |     2 |     7 ||     9
       Dazzling Flash    |       |       |     4 ||     4
  Use: Scroll            |     1 |     6 |     1 ||     8
       Potion            |       |       |     1 ||     1
Armor: Robe              |     2 |     2 |     2 ||     6
Dodge: Dodged            |    11 |     7 |    10 ||    28
